 Dungeon Crawl Stone Soup version 0.23.2-11-gf996548c65 (webtiles) character file.

Game seed: 16139771091271382703

151 cab the Digger (level 5, 0/28 HPs)
             Began as a Gargoyle Earth Elementalist on June 5, 2019.
             Slain by a goblin
             ... wielding a +0 dagger
             ... led by Robin
              (1 damage)
             ... on level 3 of the Dungeon.
             The game lasted 00:14:54 (4036 turns).

cab the Digger (Gargoyle Earth Elementalist)        Turns: 4036, Time: 00:14:55

Health: 0/28       AC:  7    Str: 11    XL:     5   Next: 33%
Magic:  1/8        EV: 12    Int: 17    God:
Gold:   103        SH:  0    Dex: 10    Spells: 4/8 levels left

rFire    . . .     SeeInvis .   m - +4 mace
rCold    . . .     Gourm    .   (no shield)
rNeg     + . .     Faith    .   c - +0 robe
rPois    ∞         Spirit   .   (no helmet)
rElec    +         Reflect  .   (no cloak)
rCorr    .         Harm     .   n - +0 pair of gloves
MR       .....                  (no boots)
Stlth    ++........             (no amulet)
HPRegen  0.09/turn              (no ring)
MPRegen  0.11/turn              (no ring)

@: no status effects
A: negative energy resistance 1, electricity resistance, unbreathing,
petrification resistance, rot immunity, AC +4
a: no special abilities


You were on level 3 of the Dungeon.
You were not hungry.

You visited 1 branch of the dungeon, and saw 3 of its levels.

You collected 103 gold pieces.

Inventory:

Hand Weapons
 m - a +4 mace (weapon)
 p - a +0 hunting sling
Missiles
 b - 83 stones (quivered)
 k - 96 sling bullets
Armour
 c - a +0 robe (worn)
 n - a +0 pair of gloves (worn)
 v - a +0 leather armour
Wands
 r - a wand of flame (16)
Scrolls
 f - 2 scrolls of enchant weapon
Potions
 e - 2 potions of curing
 g - a potion of mutation {unknown}
 i - a potion of haste {unknown}
 j - 2 potions of brilliance
 t - a potion of berserk rage {unknown}
Comestibles
 a - 8 chunks of flesh
 d - 5 rations


   Skills:
 - Level 1.5 Dodging
 - Level 2.1 Stealth
 - Level 2.0 Spellcasting
 + Level 2.9 Conjurations
   Level 0.7 Transmutations
 + Level 6.1 Earth Magic


You had 4 spell levels left.
You knew the following spells:

 Your Spells              Type           Power        Failure   Level  Hunger
a - Sandblast             Erth           ###...       1%          1    #......
b - Stone Arrow           Conj/Erth      ###...       9%          3    ###....

Your spell library contained the following spells:

 Spells                   Type           Power        Failure   Level  Hunger
 Passwall                 Tmut/Erth      ##......     7%          2    ###....
 Petrify                  Tmut/Erth      ##......     43%         4    #####..
 Lee's Rapid Deconstruct  Erth           ###.......   41%         5    ######.


Dungeon Overview and Level Annotations

Branches:
Dungeon (3/15)

Altars:
Hepliaklqana

Annotations:
D:3 Robin


Innate Abilities, Weirdness & Mutations

You are resistant to torment.
Your stone body is resilient. (AC +4)
You are immune to poison.
You resist negative energy. (rN+)
You are resistant to electric shocks. (rElec)
You can survive without breathing.
You are immune to petrification.
You are immune to rotting.


Message History

A goblin comes into view. It is wielding a +0 dagger.
The goblin shoots a stone.
The stone hits you but does no damage. Robin hits you but does no damage.
The goblin shoots a stone.
The stone hits you.
* * * LOW HITPOINT WARNING * * *
You see here a stone.
A goblin comes into view. It is wielding a +0 dagger.
The goblin shoots a stone.
The stone hits you but does no damage. Robin hits you but does no damage.
The goblin barely misses you.
Robin says, "Kneel, worm!"
Robin roars a battlecry!
The goblins go into a battle-frenzy!
Casting: Sandblast (safe; 1% risk of failure)
Confirm with . or Enter, or press ? or * to list all spells.
You don't have enough magic to cast that spell.
You barely miss the goblin.
The goblin hits you but does no damage. x2
A hobgoblin comes into view. It is wielding a +0 club.
The goblin hits you with a +0 dagger.
You die...

#############.#########.#########
.................................
.#######......#...#####.###.#####
>...............................#
.#...###.######.#g###.####.####..
.#.#.###.######.#.#...##.....## .
.#..............#.#.#.#.......#..
.#.....#.########g#.#.#.......#..
.#####.#.g#.)((g@.#.#....._......
.......#.)#.#.)g..#.#.#.......#..
#########)#)#.#...g.#.#.......#..
#.....g.#....<....##.....## .
.....##.####........####.### ....
+..# #........... ... ... ##..
##..........#.##. .. #.#
............# . #.#
.#.#..#..o...#


You could see Robin, a hobgoblin and 3 goblins.

Vanquished Creatures
  An orc wizard (D:3)
  Terence (D:3)
  2 adders (D:2)
  A worm (D:2)
  A dart slug (D:1)
  3 orcs (D:3)
  3 ball pythons
  6 bats
  2 giant cockroaches
  10 goblins
  10 hobgoblins
  9 jackals (D:2)
  6 frilled lizards
  6 kobolds
  9 rats
70 creatures vanquished.

Notes
Turn   | Place    | Note
-------+----------+-------------------------------------------
     0 | D:1      | cab the Gargoyle Earth Elementalist began the quest for the
                  | Orb.
     0 | D:1      | Reached XP level 1. HP: 10/10 MP: 3/3
   123 | D:1      | Reached skill level 4 in Earth Magic
   198 | D:1      | Reached XP level 2. HP: 8/15 MP: 5/5
  1183 | D:1      | Reached XP level 3. HP: 15/19 MP: 6/6
  1185 | D:1      | Reached skill level 5 in Earth Magic
  1281 | D:1      | Learned a level 3 spell: Stone Arrow
  2412 | D:2      | Reached skill level 1 in Conjurations
  2640 | D:2      | Reached XP level 4. HP: 23/24 MP: 4/7
  3634 | D:3      | Found a hazy altar of Hepliaklqana.
  3842 | D:3      | Noticed Terence
  3888 | D:3      | Killed Terence
  3894 | D:3      | Reached XP level 5. HP: 26/28 MP: 1/8
  4007 | D:3      | Noticed Robin
  4028 | D:3      | Reached skill level 6 in Earth Magic
  4033 | D:3      | HP: 1/28 [goblin/stone[Robin] (3)]
  4036 | D:3      | Slain by a goblin

Skill      XL: |  1  2  3  4  5 |
---------------+----------------+-----
Earth Magic    | 4 5 6 |  6.1
Conjurations   | 1 2 |  2.9
Dodging        | |  1.5
Stealth        | |  2.1
Spellcasting   | |  2.0
Transmutations | |  0.7

Action                   |  1- 3 |  4- 6 || total
-------------------------+-------+-------++-------
Melee: Dagger            |   209 |    85 ||   294
       Unarmed           |    13 |       ||    13
       Mace              |       |    27 ||    27
 Cast: Sandblast         |    13 |    19 ||    32
       Stone Arrow       |     1 |     2 ||     3
  Use: Scroll            |       |     6 ||     6
 Stab: Sleeping          |     2 |     2 ||     4
       Distracted        |     1 |       ||     1
  Eat: Chunk             |     6 |     5 ||    11
Armor: Robe              |    75 |    46 ||   121
Dodge: Dodged            |   136 |    89 ||   225
